 Dungeon Crawl Stone Soup version 0.19-a0-376-gf780d9b (webtiles) character file.

5017 mistymad the Covert (level 10, -5/80 HPs)
             Began as a Vampire Enchanter on May 30, 2016.
             Was a Believer of Ashenzari.
             Killed from afar by Harold (38 damage)
             ... with a bolt of fire
             ... on level 1 of the Lair of Beasts.
             The game lasted 00:37:36 (10169 turns).

mistymad the Covert (Vampire Enchanter)            Turns: 10169, Time: 00:37:37

Health: -5/80      AC:  5    Str:  7    XL:     10   Next: 30%
Magic:  18/18      EV:  9    Int: 17    God:    Ashenzari [**....]
Gold:   487        SH:  0    Dex: 19    Spells: 5 memorised, 8 levels left

rFire  . . .     SeeInvis +     z - +0 dagger (venom)
rCold  + . .     Gourm    .     b - +1 robe
rNeg   + + .     Faith    .     (no shield)
rPois  +         Spirit   .     G - +0 helmet
rElec  .         Dismiss  .     J - +0 cloak
rCorr  +         Reflect  .     (no gloves)
SustAt +         Harm     .     (no boots)
MR     +....                    (no amulet)
Stlth  ++++++....               A - ring of resist corrosion
                                r - ring of sustain attributes

@: held, regenerating slowly, somewhat resistant to hostile enchantments, very
stealthy
A: fangs 3, see invisible, unbreathing
a: Bat Form, Curse Item, Scrying, Renounce Religion


You were on level 1 of the Lair of Beasts.
You worshipped Ashenzari.
Ashenzari was pleased with you.
You were very thirsty.

You visited 3 branches of the dungeon, and saw 11 of its levels.

You collected 487 gold pieces.

Inventory:

Hand Weapons
 y - a +0 dagger of distortion
 z - a +0 dagger of venom (weapon)
Armour
 b - a +1 robe (worn)
 G - a +0 helmet (worn)
 J - a +0 cloak (worn)
Jewellery
 l - an uncursed ring of flight
 r - a ring of sustain attributes (left hand)
 w - an uncursed ring of ice
 A - a ring of resist corrosion (right hand)
 O - an uncursed ring of wizardry
Wands
 v - a wand of lightning (10/15)
 B - a wand of disintegration (11/24)
 F - a wand of iceblast (8/15)
 K - a wand of paralysis (11/24)
 N - a wand of confusion (27/48)
Scrolls
 a - 3 scrolls of enchant weapon {unknown}
 e - 8 scrolls of identify {unknown}
 g - a scroll of blinking {unknown}
 h - a scroll of fog {unknown}
 j - 4 scrolls of teleportation {unknown}
 n - 2 scrolls of magic mapping {unknown}
 o - a scroll of summoning {unknown}
 p - 4 scrolls of remove curse
 t - a scroll of amnesia {unknown}
 u - 3 scrolls of enchant armour {unknown}
 x - a scroll of fear {unknown}
 C - 2 scrolls of recharging {unknown}
 E - 2 scrolls of immolation {unknown}
 L - a scroll of noise {unknown}
 M - a scroll of random uselessness {unknown}
Potions
 d - 26 potions of blood
 f - 5 potions of curing {unknown}
 i - 3 potions of heal wounds
 k - 4 potions of flight {unknown}
 m - 2 potions of cure mutation {unknown}
 q - 3 potions of mutation {unknown}
 s - 4 potions of degeneration {unknown}
 D - a potion of might
 H - a potion of resistance {unknown}
 I - 2 potions of haste
Books
 c - a book of Maledictions

   Spells                             Type                      Level
   a - Corona                         Hexes                        1
   b - Ensorcelled Hibernation        Hexes/Ice                    2
   c - Confuse                        Hexes                        3
   d - Tukima's Dance                 Hexes                        3
   e - Dazzling Spray                 Conjuration/Hexes            3


   Skills:
 * Level 7.7 Fighting
 + Level 6.0 Short Blades
 + Level 6.2 Dodging
 + Level 10.0 Stealth
 + Level 5.5 Spellcasting
 + Level 9.6 Hexes


You had 8 spell levels left.
You knew the following spells:

 Your Spells              Type           Power        Failure   Level  Hunger
a - Corona                Hex            #####..      1%          1    None
b - Ensorcelled Hibernat  Hex/Ice        ###...       2%          2    #......
c - Confuse               Hex            #####...     1%          3    ##.....
d - Tukima's Dance        Hex            #####...     1%          3    ##.....
e - Dazzling Spray        Conj/Hex       ###...       8%          3    ##.....


Dungeon Overview and Level Annotations

Branches:
Dungeon (9/15)             Temple (1/1) D:4            Lair (1/8) D:9
    Orc: D:9-12

Altars:
Ashenzari
Cheibriados
Dithmenos
Elyvilon
Fedhas
Gozag
Hepliaklqana
Kikubaaqudgha
Makhleb
Nemelex Xobeh
Okawaru
Pakellas
Qazlal
Ru
Sif Muna
Trog
Ukayaw
Vehumet
Xom
Yredelemnul
Zin
The Shining One

Annotations:
D:9 Gastronok
Lair:1 Harold


Innate Abilities, Weirdness & Mutations

You heal slowly.
You have razor-sharp teeth.
You have supernaturally acute eyesight. (SInv)
You can survive without breathing.


Message History

You climb downwards.
Welcome to the Lair of Beasts!
You hear a distant snort.
Hark!
There is an entrance to a minotaur's labyrinth on this level.
Find the entrance quickly before the gate is sealed!
Level annotation: Harold The sheep barely misses you.
The sheep bites you.
Harold throws a throwing net.
The throwing net hits you.
You become entangled in the net!
The sheep bites you but does no damage. The sheep barely misses you.
There is a staircase back to the Dungeon here.
You see here a throwing net.
You take 4 damage, and have 74/80 hp.
You can't do that while held in a net.
You try to slip out of the net.
The sheep barely misses you. The sheep completely misses you.
The sheep barely misses you.
You struggle against the net.
The sheep bites you! The sheep barely misses you. The sheep bites you!
You take 22 damage, and have 52/80 hp.
MASSIVE DAMAGE!!
You try to slip out of the net.
The sheep bites you! The sheep bites you. x2
Harold gestures at you while chanting. The bolt of fire hits you!
You die...

* , , *, ** **
, ,** *
####+####### *
+ #..........#
, ,
#(.........# *
* ,
###....†.....#
, ,
#.....Y@.....#
..#...Y.Y@...#
*
,#........!...#
*
##.............
,
#....%........
, +,
##...P........
, ,
#..P%........ ,
* #..[%......##
* ,


You could see Harold and 3 sheep.

Vanquished Creatures
  Pikel (D:8)
  Maurice (D:8)
  Joseph (D:8)
  2 trolls (D:9)
  Grinder (D:4)
  A yak (D:8)
  A wyvern (D:8)
  2 hippogriffs
  A hungry ghost (D:9)
  2 water moccasins
  Menkaure (D:4)
  An ice beast (D:6)
  An orc warrior (D:7)
  A slave (D:8)
  A sky beast (D:6)
  A phantom (D:5)
  A necrophage (D:9)
  4 centaurs
  A giant frog (D:8)
  3 scorpions
  3 wights (D:7)
  A howler monkey (D:8)
  A centaur zombie (D:7)
  A crimson imp (D:7)
  2 orc priests (D:5)
  5 hounds
  12 orc wizards
  2 iguanas (D:8)
  3 worker ants
  3 sheep (D:9)
  A hound skeleton (D:5)
  12 adders
  10 river rats (D:4)
  4 gnolls
  2 shadow imps
  An ooze (D:1)
  An adder skeleton (D:9)
  An adder zombie (D:8)
  3 worms
  2 dart slugs (D:2)
  4 giant geckos
  24 orcs
  5 bats
  2 giant cockroaches (D:1)
  4 goblins
  5 hobgoblins
  7 jackals
  4 quokkas
  A ball python (D:1)
  A giant gecko skeleton (D:5)
  A giant gecko zombie (D:6)
  3 giant newts
  13 kobolds
  21 rats
193 creatures vanquished.

Vanquished Creatures (others)
  An orc priest (D:8)
  A jackal (D:8)
2 creatures vanquished.

Grand Total: 195 creatures vanquished

Notes
Turn   | Place    | Note
--------------------------------------------------------------
     0 | D:1      | mistymad the Vampire Enchanter began the quest for the Orb.
     0 | D:1      | Reached XP level 1. HP: 13/13 MP: 3/3
   378 | D:1      | Reached XP level 2. HP: 19/20 MP: 5/5
   388 | D:1      | Learned a level 2 spell: Ensorcelled Hibernation
   728 | D:1      | HP: 1/20 [gnoll/flail (5)]
   743 | D:1      | Reached skill level 1 in Fighting
  1051 | D:1      | Reached XP level 3. HP: 24/26 MP: 6/6
  1435 | D:1      | Reached skill level 5 in Hexes
  1669 | D:2      | Learned a level 3 spell: Confuse
  1770 | D:2      | Reached XP level 4. HP: 33/33 MP: 4/7
  2548 | D:3      | Reached skill level 5 in Stealth
  2836 | D:3      | Found a shadowy altar of Dithmenos.
  2970 | D:3      | Found a hide-covered altar to Ukayaw.
  3098 | D:4      | Reached XP level 5. HP: 38/38 MP: 8/8
  3104 | D:4      | Found a staircase to the Ecumenical Temple.
  3114 | Temple   | Entered the Ecumenical Temple
  3576 | D:4      | Noticed Grinder
  3591 | D:4      | Killed Grinder
  3591 | D:4      | Reached XP level 6. HP: 35/47 MP: 6/10
  3593 | D:4      | Got a fine leather armour
  3688 | D:4      | Noticed Menkaure
  3778 | D:5      | Entered Level 5 of the Dungeon
  4155 | D:5      | Reached XP level 7. HP: 44/53 MP: 2/11
  4523 | D:5      | Reached skill level 6 in Stealth
  5028 | D:6      | Learned a level 3 spell: Tukima's Dance
  5033 | D:6      | Learned a level 3 spell: Dazzling Spray
  5158 | D:6      | Found a sparkling altar of Nemelex Xobeh.
  5193 | D:6      | Found an opulent altar of Gozag.
  5195 | D:6      | Found an oddly glowing altar of Pakellas.
  5196 | D:6      | Found a white marble altar of Elyvilon.
  5196 | D:6      | Found a bloodstained altar of Trog.
  5196 | D:6      | Found a burning altar of Makhleb.
  5200 | D:6      | Found an ancient bone altar of Kikubaaqudgha.
  5201 | D:6      | Found a shattered altar of Ashenzari.
  5213 | D:6      | Became a worshipper of Ashenzari the Shackled
  5319 | D:6      | Found a radiant altar of Vehumet.
  5592 | D:6      | Reached XP level 8. HP: 61/61 MP: 13/13
  5937 | D:7      | Reached skill level 5 in Fighting
  5959 | D:7      | Reached skill level 7 in Stealth
  6245 | D:7      | HP: 2/62 [orc warrior/hand axe (10)]
  6957 | D:8      | Noticed Maurice
  7004 | D:8      | Killed Maurice
  7004 | D:8      | Reached skill level 5 in Dodging
  7004 | D:8      | Reached skill level 8 in Stealth
  7004 | D:8      | Reached XP level 9. HP: 69/69 MP: 6/15
  7069 | D:8      | Reached * piety under Ashenzari
  7115 | D:8      | Noticed Pikel
  7132 | D:8      | Killed Pikel
  7132 | D:8      | Reached skill level 5 in Short Blades
  7229 | D:8      | Noticed Joseph
  7252 | D:8      | Killed Joseph
  7400 | D:8      | Reached skill level 9 in Stealth
  7401 | D:8      | Reached skill level 5 in Spellcasting
  7884 | D:9      | Noticed a troll
  7895 | D:9      | Killed a troll
  7962 | D:9      | Noticed an elephant
  8054 | D:9      | Noticed Gastronok
  8197 | D:9      | Noticed a troll
  8211 | D:9      | Killed a troll
  8211 | D:9      | Reached XP level 10. HP: 79/79 MP: 14/17
  8386 | D:4      | Killed Menkaure
  8536 | D:4      | Reached ** piety under Ashenzari
  9188 | D:9      | Found a staircase to the Lair.
  9885 | D:9      | Reached skill level 10 in Stealth
 10147 | Lair:1   | Entered Level 1 of the Lair of Beasts
 10147 | Lair:1   | Noticed Harold
 10169 | Lair:1   | Killed from afar by Harold

Vault maps used:
D:1:      tarquinn_simple_flora_water_d, minmay_misc_feat_rows
D:2:      first_bread
D:3:      grunt_dithmenos_smoke_and_mirrors, lemuel_doored_altar, minivault_26,
          moated_statue
D:4:      minmay_temple_entry_junction2, serial_bayou_pond_d,
          dk_rats_in_the_wall, uniq_grinder, uniq_menkaure
D:6:      overflow_temple_1_default, kennysheep_little_box, minitemple
D:8:      uniq_pikel, uniq_joseph, uniq_maurice
D:9:      david_lair_generic, uniq_gastronok
Temple:   triangle_lava_temple_11
Lair:1:   lab_entry_generic, lemuel_fruit_tree, serial_bayou_shore_a,
          uniq_harold

Skill      XL: |  1  2  3  4  5  6  7  8  9 10 |
---------------+-------------------------------+-----
Fighting       | 1 2 3 4 6 7 |  7.7
Hexes          | 5 6 8 9 |  9.6
Stealth        | 5 6 8 9 10 | 10.0
Dodging        | 3 4 5 6 |  6.2
Short Blades   | 2 3 4 5 6 |  6.0
Spellcasting   | 3 4 5 |  5.5

Action                   |  1- 3 |  4- 6 |  7- 9 | 10-12 || total
-------------------------+-------+-------+-------+-------++-------
Melee: Dagger            |    94 |   148 |   260 |   214 ||   716
       Bite              |    11 |    13 |    32 |    23 ||    79
 Cast: Ensorcelled Hiber |    13 |    14 |       |     1 ||    28
       Confuse           |       |    11 |    46 |    21 ||    78
  Use: Potion            |     2 |     3 |     9 |     3 ||    17
 Stab: Sleeping          |    13 |    19 |    24 |     2 ||    58
       Distracted        |     1 |       |     1 |       ||     2
       Confused          |       |     7 |    24 |    15 ||    46
Armor: Robe              |    17 |    34 |    16 |    21 ||    88
Dodge: Dodged            |    76 |    76 |   113 |   107 ||   372
